 Dungeon Crawl Stone Soup version 0.31.0-11-ge490571c62 (webtiles) character file.

Game seed: 15060847284035572774

16 browni3141 the Trooper (level 2, -16/25 HPs)
             Began as a Barachi Monk on Feb 1, 2024.
             Demolished by a sleepcap (20 damage)
             ... on level 4 of the Dungeon.
             The game lasted 00:01:06 (219 turns).

browni3141 the Trooper (Barachi Monk)                Turns: 219, Time: 00:01:06

Health: -16/25     AC:  2    Str: 12    XL:     2   Next: 58%
Magic:  2/2        EV:  2    Int: 10    God:
Gold:   69         SH:  0    Dex: 14    Spells: 1/1 levels left

rFire   . . .        a - +0 falchion
rCold   . . .        d - orb {light}
rNeg    . . .        b - +0 robe
rPois   .            (no helmet)
rElec   .            (no cloak)
rCorr   .            (no gloves)
SInv    .            (no boots)
Will    +....        (no amulet)
Stlth   +            (no ring)
HPRegen 0.24/turn    (no ring)
MPRegen 0.08/turn

%: no passive effects
@: sleeping, unable to hop, enlightened, flying, glowing, slow
A: amphibious, slowness 1, strong legs 1, +LOS
a: Hop


You were on level 4 of the Dungeon.
You visited 1 branch of the dungeon, and saw 4 of its levels.

You collected 69 gold pieces.

Inventory:

Hand Weapons
 a - a +0 falchion (weapon)
Armour
 b - a +0 robe (worn)
 d - an orb of light (worn)
Jewellery
 i - a +6 ring of intelligence
Scrolls
 e - a scroll of silence {unknown}
 f - a scroll of identify {unknown}
Potions
 c - a potion of ambrosia
 h - a potion of magic {unknown}


   Skills:
 + Level 4.0 Fighting
 + Level 4.0 Long Blades
 + Level 3.6 Dodging


You had one spell level left.
You didn't know any spells.
Your spell library was empty.

Dungeon Overview and Level Annotations

Branches:
Dungeon (4/15)
 Temple: D:4-7

Altars:
Uskayaw


Innate Abilities, Weirdness & Mutations

You are amphibious.
You cover ground slowly.
You can hop short distances.
You have an extended range of vision and can be seen from far away.


Message History

The endoplasm is heavily wounded.
The endoplasm closely misses you.
You hit the endoplasm.
The endoplasm is severely wounded.
The endoplasm freezes you.
You are frozen.
You hit the endoplasm.
You kill the endoplasm!
You see here 15 gold pieces.
You now have 69 gold pieces (gained 15).
You open the door.
There is an open door here.
A bat comes into view.
The bat moves out of view.
A frilled lizard comes into view.
The frilled lizard hisses angrily.
You slash the frilled lizard!
You kill the frilled lizard!
You see here a frilled lizard corpse.
You see here a frilled lizard corpse.
Hop to where?
Press: ? - help, Dir - move target Boing!
The bat hits you.
You hit the bat but do no damage. The bat barely misses you. The bat hits you.
The bat misses you.
You hit the bat.
The bat is severely wounded.
The bat completely misses you. The bat closely misses you. x2
The bat misses you. The bat closely misses you.
You barely miss the bat.
The bat is severely wounded.
The bat closely misses you. The bat hits you but does no damage.
You slash the bat!
You kill the bat!
No target in view!
No target in view!
Found a brown potion.
Found a hide-covered altar of Uskayaw.
Found a stone staircase leading down.
You see here a brown potion.
g - a brown potion
There is a shaft here.
There is a stone staircase leading down here.
You climb downwards.
There is a stone staircase leading up here.
A quokka comes into view.
A kobold and a ball python come into view.
The kobold shouts!
The ball python hisses angrily.
The quokka bites you. x2
You slash the quokka!
You kill the quokka!
You hit the ball python.
You kill the ball python!
The kobold throws a stone.
The stone hits you but does no damage.
The kobold hits you with a +0 short sword.
You hit the kobold but do no damage. The kobold barely misses you.
You hit the kobold but do no damage.
You are ready to hop once more.
The kobold closely misses you.
You slash the kobold!
You kill the kobold!
You have reached level 2!
You see here a quokka corpse.
Found an escape hatch in the floor.
You see here a fizzy green potion.
h - a fizzy green potion A sleepcap and an adder come into view.
Found a stone staircase leading down.
The adder hisses angrily.
You completely miss the adder. The adder bites you but does no damage.
You barely miss the adder. The adder barely misses you. x2
You slash the adder!
The adder is heavily wounded.
The adder bites you.
You slash the adder!
You kill the adder!
The sleepcap closely misses you. The sleepcap releases spores at you.
You are engulfed in a cloud of soporific spores!
You fall asleep.
Your Fighting skill increases to level 4!
Your Long Blades skill increases to level 4!
The sleepcap barely misses you. The sleepcap releases spores at you!
You wake up.
You are engulfed in a cloud of soporific spores!
You are unaffected.
Unknown command.
Unknown command.
Hop to where?
Press: ? - help, Dir - move target
Found a stone staircase leading down.
Boing!
You see here a +6 ring of intelligence.
i - a +6 ring of intelligence It was a potion of enlightenment.
You feel very buoyant.
You fly up into the air.
The sleepcap releases spores at you.
You are engulfed in a cloud of soporific spores!
You fall asleep.
The sleepcap releases spores at you!!
Ouch! That really hurt!
You die...

#. ..........##...
#..#..............
#.#..............
....###........>......
#...#...............##
#...........>........#
...........[.........
................>..
.........f@........
##................
####...............
####..................
#..#................##
#.....................
##....†#....###.......#
#...)..#..#...........#
#......#...#.###........


You could see a sleepcap.

Vanquished Creatures
  An adder (D:4)
  An endoplasm (D:3)
  A kobold (D:4)
  A quokka (D:4)
  A ball python (D:4)
  2 bats
  A frilled lizard (D:3)
8 creatures vanquished.

Notes
Turn   | Place    | Note
-------+----------+-------------------------------------------
     0 | D:1      | browni3141 the Barachi Monk began the quest for the Orb.
     0 | D:1      | Reached XP level 1. HP: 18/18 MP: 1/1
   159 | D:3      | Noticed a +0 spear
   160 | D:3      | Noticed a +0 dagger
   161 | D:3      | Noticed a +0 spear
   161 | D:3      | Noticed a +0 dagger
   162 | D:3      | Noticed a +0 short sword
   163 | D:3      | Noticed a +0 falchion
   163 | D:3      | Noticed a +0 falchion
   163 | D:3      | Noticed a +0 short sword
   164 | D:3      | Found a hide-covered altar of Uskayaw.
   203 | D:4      | Reached XP level 2. HP: 15/25 MP: 2/2
   219 | D:4      | Demolished by a sleepcap

Illustrated notes

Levels and vault maps discovered:
D:1:      nicolae_arrival_washed_ashore, layout_rooms, serial_shops, shop,
          minivault_14
D:2:      cheibrodos_pilgrimage, layout_basic, serial_curves, eino_curves_04,
          eino_curves_01
D:3:      layout_loops_corners, nicolae_uskayaw_en_pointe, lemuel_crystal_altar,
          uniq_robin
D:4:      layout_cave_pools, chequers_temple_overflow_statue_of_worship

Skill      XL: |  1  2 |
---------------+-------+-----
Fighting       | 4 |  4.0
Long Blades    | 4 |  4.0
Dodging        | |  3.6

Action                     || total
---------------------------++-------
  Melee: Falchion          ||    18
Ability: Hop               ||     2
    Use: Potion            ||     1
 Armour: Robe              ||    13
  Dodge: Dodged            ||    17
